 Dungeon Crawl Stone Soup version 0.24.0-1-gfbc8707122 (webtiles) character file.

Game seed: 10943841921845382209, levelgen mode: deterministic

7 Monsterracer the Shooter (level 2, -1/16 HPs)
             Began as a Tengu Arcane Marksman on Oct 26, 2019.
             Slain by a hobgoblin (2 damage)
             ... on level 1 of the Dungeon.
             The game lasted 00:01:00 (191 turns).

Monsterracer the Shooter (Tengu Arcane Marksman)     Turns: 191, Time: 00:01:00

Health: -1/16      AC:  2    Str: 10    XL:     2   Next: 4%
Magic:  4/4        EV: 12    Int: 13    God:
Gold:   16         SH:  0    Dex: 14    Spells: 2/3 levels left

rFire    . . .     SeeInvis .   a - +0 shortbow
rCold    . . .     Gourm    .   (shield currently unavailable)
rNeg     . . .     Faith    .   e - +0 robe
rPois    .         Spirit   .   (helmet restricted)
rElec    .         Reflect  .   (no cloak)
rCorr    .         Harm     .   (no gloves)
MR       .....                  (boots unavailable)
Stlth    +.........             (no amulet)
HPRegen  0.05/turn              (no ring)
MPRegen  0.09/turn              (no ring)

@: no status effects
A: beak, talons 3
a: no special abilities


You were on level 1 of the Dungeon.
You were not hungry.

You visited 1 branch of the dungeon, and saw 1 of its levels.

You collected 16 gold pieces.

Inventory:

Hand Weapons
 a - a +0 shortbow (weapon)
Missiles
 d - an arrow (quivered)
Armour
 e - a +0 robe (worn)
Potions
 b - a potion of resistance {unknown}
 f - 2 potions of mutation {unknown}
Comestibles
 c - a ration


   Skills:
 + Level 1.3 Fighting
 * Level 2.7 Bows
 - Level 2.1 Dodging
 - Level 1.0 Spellcasting
 - Level 2.1 Hexes


You had 2 spell levels left.
You knew the following spells:

 Your Spells              Type           Power        Failure   Level  Hunger
j - Corona                Hex            #......      12%         1    ##.....

Your spell library contained the following spells:

 Spells                   Type           Power        Failure   Level  Hunger
 Slow                     Hex            #.......     17%         2    ###....
 Inner Flame              Hex/Fire       #.......     47%         3    ####...
 Portal Projectile        Hex/Tloc       #.....       47%         3    ####...
 Cause Fear               Hex            #.........   75%         4    #####..
 Leda's Liquefaction      Hex/Erth       #.........   87%         4    #####..


Dungeon Overview and Level Annotations

Branches:
Dungeon (1/15)

Altars:


Innate Abilities, Weirdness & Mutations

You have a beak for a mouth.
You have claws for feet.


Message History

Aim: a leopard gecko (heavily wounded, clinging)
You shoot an arrow.
The arrow closely misses the leopard gecko.
The leopard gecko barely misses you. The bat hits you.
Firing (i - inventory)
d - 15 arrows (quivered)
Press: ? - help, Shift-Dir - straight line, f/p - leopard gecko
Aim: a leopard gecko (heavily wounded, clinging)
You shoot an arrow.
The arrow closely misses the leopard gecko.
The bat hits you but does no damage. The leopard gecko closely misses you.
The leopard gecko bites you.
* * * LOW HITPOINT WARNING * * *
Unknown command.
Firing (i - inventory)
d - 14 arrows (quivered)
Press: ? - help, Shift-Dir - straight line, f/p - leopard gecko
Aim: a leopard gecko (heavily wounded, clinging)
You shoot an arrow.
The arrow hits the leopard gecko but does no damage.
The leopard gecko is heavily wounded.
The bat closely misses you. The leopard gecko barely misses you.
Firing (i - inventory)
d - 13 arrows (quivered)
Press: ? - help, Shift-Dir - straight line, f/p - leopard gecko
Aim: a leopard gecko (heavily wounded, clinging)
You shoot an arrow.
The arrow closely misses the leopard gecko.
The bat closely misses you. The leopard gecko bites you.
* * * LOW HITPOINT WARNING * * *
Unknown command.
Firing (i - inventory)
d - 12 arrows (quivered)
Press: ? - help, Shift-Dir - straight line, f/p - leopard gecko
Aim: a leopard gecko (heavily wounded, clinging)
You shoot an arrow.
The arrow hits the leopard gecko but does no damage.
The leopard gecko is heavily wounded.
The bat closely misses you. The leopard gecko misses you.
The leopard gecko closely misses you.
Firing (i - inventory)
d - 11 arrows (quivered)
Press: ? - help, Shift-Dir - straight line, f/p - leopard gecko
Aim: a leopard gecko (moderately wounded, clinging)
You shoot an arrow. The arrow hits the leopard gecko.
The leopard gecko is almost dead.
The bat closely misses you. The leopard gecko misses you.
Firing (i - inventory)
d - 10 arrows (quivered)
Press: ? - help, Shift-Dir - straight line, f/p - leopard gecko
Aim: a leopard gecko (almost dead, clinging)
You shoot an arrow.
The arrow barely misses the leopard gecko.
The bat completely misses you. The leopard gecko barely misses you.
Firing (i - inventory)
d - 9 arrows (quivered)
Press: ? - help, Shift-Dir - straight line, f/p - leopard gecko
Aim: a leopard gecko (almost dead, clinging)
You shoot an arrow. The arrow hits the leopard gecko!
You kill the leopard gecko!
The bat closely misses you.
Firing (i - inventory)
d - 8 arrows (quivered)
Press: ? - help, Shift-Dir - straight line, f - bat
Aim: a bat You shoot an arrow.
The arrow hits the bat!
You kill the bat!
You have reached level 2!
A hobgoblin comes into view.
The hobgoblin is too close now for your liking.
Firing (i - inventory)
d - 7 arrows (quivered)
Press: ? - help, Shift-Dir - straight line, f - hobgoblin
Aim: a hobgoblin (hasn't noticed you)
You shoot an arrow.
The arrow hits the hobgoblin but does no damage.
Firing (i - inventory)
d - 6 arrows (quivered)
Press: ? - help, Shift-Dir - straight line, f/p - hobgoblin
Aim: a hobgoblin You shoot an arrow.
The arrow barely misses the hobgoblin.
The hobgoblin hits you.
* * * LOW HITPOINT WARNING * * *
Unknown command.
Firing (i - inventory)
d - 5 arrows (quivered)
Press: ? - help, Shift-Dir - straight line, f/p - hobgoblin
Aim: a hobgoblin You shoot an arrow.
The arrow hits the hobgoblin but does no damage.
The hobgoblin closely misses you.
Firing (i - inventory)
d - 4 arrows (quivered)
Press: ? - help, Shift-Dir - straight line, f/p - hobgoblin
Aim: a hobgoblin You shoot an arrow.
The arrow hits the hobgoblin.
The hobgoblin is moderately wounded.
The hobgoblin hits you.
* * * LOW HITPOINT WARNING * * *
Firing (i - inventory)
d - 3 arrows (quivered)
Press: ? - help, Shift-Dir - straight line, f/p - hobgoblin
Aim: a hobgoblin (moderately wounded)
You shoot an arrow. The arrow hits the hobgoblin.
The hobgoblin is severely wounded.
The hobgoblin hits you.
* * * LOW HITPOINT WARNING * * *
Firing (i - inventory)
d - 2 arrows (quivered)
Press: ? - help, Shift-Dir - straight line, f/p - hobgoblin
Aim: a hobgoblin (severely wounded)
You shoot an arrow. The arrow barely misses the hobgoblin.
The hobgoblin barely misses you. The hobgoblin hits you.
You die...

#...........#
######......#....#####
.........##..........##########
..........###....#...(.........
...........##........(((#....
...........##....######........
...........##....# #.#......
............#....# #.#..g...
............#(.g@# #.# ...g.
..........#.##(### #.# .....
.........##.##.### ## ... ....
###...#..†#.##....... ..# ....
#..#.##..#...## ...#
#.##.##.......##...# #.
#.####...........
#..........##.......
#..........†...##...


You could see a hobgoblin.

Vanquished Creatures
  A leopard gecko (D:1)
  A bat (D:1)
  A giant cockroach (D:1)
  A hobgoblin (D:1)
  A frilled lizard (D:1)
  A kobold (D:1)
6 creatures vanquished.

Notes
Turn   | Place    | Note
-------+----------+-------------------------------------------
     0 | D:1      | Monsterracer the Tengu Arcane Marksman began the quest for
                  | the Orb.
     0 | D:1      | Reached XP level 1. HP: 12/12 MP: 3/3
   126 | D:1      | HP: 4/12 [leopard gecko (4)]
   133 | D:1      | Reached XP level 2. HP: 3/16 MP: 4/4
   187 | D:1      | HP: 4/16 [hobgoblin (1)]
   190 | D:1      | HP: 1/16 [hobgoblin (3)]
   191 | D:1      | Slain by a hobgoblin

Levels and vault maps discovered:
D:1:      sevenhm_arrival_forest_fort_small_6, layout_rooms

Action                   || total
-------------------------++-------
Melee: Unarmed           ||    12
       Kick              ||     2
       Peck              ||     2
 Fire: Shortbow          ||    24
Armor: Robe              ||     2
Dodge: Dodged            ||    33
